 Dungeon Crawl Stone Soup version 0.31.0 (webtiles) character file.

Game seed: 7603846986180289405

2776 SnakkuSnakku7 the Spear-Bearer (level 10, -4/70 HPs)
             Began as a Formicid Cinder Acolyte on Jan 20, 2024.
             Was a Priest of Ignis.
             Slain by an orc knight
             ... wielding a +0 trident
              (10 damage)
             ... in a bailey.
             The game lasted 00:09:47 (5889 turns).

SnakkuSnakku7 the Spear-Bearer (FoCA)               Turns: 5889, Time: 00:09:47

Health: -4/70      AC: 14    Str: 24    XL:     10   Next: 1%
Magic:  11/11      EV: 10    Int: 13    God:    Ignis [***...]
Gold:   258        SH:  0    Dex:  9    Spells: 11/11 levels left

rFire   + . .        a - +2 trident (flame)
rCold   . . .        (no shield)
rNeg    . . .        i - +0 ring mail
rPois   .            (helmet unavailable)
rElec   .            k - +0 cloak
rCorr   .            D - +0 pair of gloves
SInv    +            (no boots)
Will    +....        (no amulet) Stlth
                     (no ring)
HPRegen 0.31/turn    (no ring)
MPRegen 0.12/turn

%: no passive effects
@: fiery-armoured
A: permanent stasis, dig shafts and tunnels, antennae 3, four strong arms
a: Dig, Renounce Religion, Fiery Armour, Foxfire Swarm, Rising Flame


You were in a bailey.
You worshipped Ignis.
Ignis was most pleased with you.
You visited 1 branch of the dungeon, and saw 7 of its levels.
You also visited: Sewer and Bailey.

You collected 323 gold pieces.
You spent 65 gold pieces at shops.

Inventory:

Hand Weapons
 a - a +2 trident of flaming (weapon)
 m - a -1 hand axe of flaming
 o - a +0 war axe
Missiles
 J - a throwing net
Armour
 b - a +0 robe
 i - a +0 ring mail (worn)
 k - a +0 cloak (worn)
 D - a +0 pair of gloves (worn)
Wands
 E - a wand of polymorph (3)
 H - a wand of iceblast (3)
 I - a wand of mindburst (14)
Scrolls
 c - 2 scrolls of enchant armour {unknown}
 d - 4 scrolls of teleportation {unknown}
 f - 2 scrolls of identify {unknown}
 h - 2 scrolls of torment {unknown}
 n - 2 scrolls of brand weapon {unknown}
 q - a scroll of poison {unknown}
 r - 7 scrolls of fog {unknown}
 u - a scroll of amnesia {unknown}
 w - a scroll of immolation {unknown}
 y - a scroll of revelation {unknown}
 A - a scroll of fear {unknown}
 B - a scroll of silence {unknown}
 C - a scroll of blinking {unknown}
 F - 2 scrolls of noise {unknown}
Potions
 e - 3 potions of haste {unknown}
 g - 2 potions of curing
 j - a potion of ambrosia {unknown}
 l - 2 potions of enlightenment {unknown}
 p - 2 potions of might {unknown}
 s - 5 potions of lignification {unknown}
 t - a potion of degeneration {unknown}
 x - 4 potions of mutation {unknown}
 z - a potion of magic {unknown}
 G - a potion of attraction {unknown}


   Skills:
 - Level 3.2 Fighting
 - Level 6.0(9.7) Axes
 + Level 11.8(12.4) Polearms
 - Level 1.1 Spellcasting
 - Level 3.0 Fire Magic


You had 11 spell levels left.
You didn't know any spells.
Your spell library contained the following spells:

 Spells                   Type           Power      Damage    Failure   Level
 Scorch                   Fire           16%        2d5       19%         2
 Freeze                   Ice            0%         1d3       41%         1
 Lesser Beckoning         Tloc           0%         N/A       54%         2
 Frozen Ramparts          Ice            0%         1d1       78%         3
 Gell's Gravitas          Tloc           0%         N/A       78%         3
 Hailstorm                Conj/Ice       0%         3d5       78%         3
 Teleport Other           Tloc           0%         N/A       78%         3
 Tukima's Dance           Hex            0%         N/A       78%         3
 Passage of Golubria      Tloc           0%         N/A       99%         4
 Yara's Violent Unravell  Hex/Alch       0%         3d3       100%        5


Dungeon Overview and Level Annotations

Branches:
Dungeon (7/15)             Temple (0/1) D:4           Sewer (visited)
 Bailey (1/1)

Altars:
Cheibriados
Elyvilon
Okawaru
Uskayaw
Yredelemnul

Shops:
D:6 *


Innate Abilities, Weirdness & Mutations

You cannot be hasted, slowed, berserked, paralysed or teleported.
You can dig through walls and to a lower floor.
You have a pair of large antennae on your head. (SInv)
Your four strong arms can wield two-handed weapons with a shield.


Message History

The orc knight closely misses you.
The orc knight attacks as it pursues you!
The orc knight hits you but does no damage.
You feel much better.
Okay, then.
You feel much better.
The orc knight hits you with a +0 trident!
The orc knight is burned by your cloak of flames.
The orc knight is severely wounded.
Unknown command.
You completely miss the orc knight.
The orc knight is severely wounded.
The orc knight roars a battlecry!
You puncture the orc knight! You burn the orc knight.
The orc knight is almost dead.
You closely miss the orc knight.
The orc knight is almost dead.
The orc knight closely misses you.
You barely miss the orc knight.
You punch the orc knight, but do no damage.
The orc knight is almost dead.
The orc knight hits you with a +0 trident.
You hit the orc knight but do no damage.
The orc knight is almost dead.
You barely miss the orc knight.
The orc knight is almost dead.
The orc knight hits you with a +0 trident.
You hit the orc knight. You burn the orc knight.
The orc knight is almost dead.
The orc knight completely misses you.
You barely miss the orc knight.
The orc knight is almost dead.
The orc warrior hits you from afar with a +0 glaive!!
* * * LOW HITPOINT WARNING * * *
Unknown command.
Activating: Foxfire Swarm
Press: ? - help, Dir - look around, f - activate Flames leap up around you!
The orc knight hits you with a +0 trident!
You die...

#..####........####.
#...................≈≈≈#
#♣....♣.....o......≈≈≈≈#
♣♣♣♣...#....#...≈≈≈≈≈≈#
#♣♣≈≈≈≈≈#.)..#≈≈≈≈≈≈≈≈≈
#≈≈≈≈≈≈≈#....#≈≈≈≈≈≈≈♣
#≈≈≈≈≈≈≈#....#vvv≈≈≈.♣
#≈≈≈≈≈≈≈#....#vvv≈...♣
#≈≈≈....#....#@vv...♣
#≈≈.........oovvv..♣♣
#♣..♣.♣.....vv♣♣v###
♣♣............♣.#
###............#
##..........##
#..........#
#♣..∩..∩..♣# ♣........♣


You could see an orc knight (ally target) and an orc warrior (strong, ally
target).

Vanquished Creatures
  Grinder (Sewer)
  Menkaure (D:6)
  2 water moccasins
  Duvessa (D:5)
  2 orc warriors (Bailey)
  An ice beast (D:5)
  2 black bears (D:5)
  An ogre (D:6)
  3 phantoms
  A centaur (D:5)
  A gnoll sergeant (D:6)
  2 scorpions (D:6)
  Blork the orc (D:5)
  2 necrophages (Sewer)
  Dowan (D:5)
  A gnoll bouda (D:6)
  2 hounds
  4 jellies
  7 orc priests
  A sleepcap (D:6)
  An iguana (D:6)
  3 orc wizards
  6 adders
  11 gnolls
  3 shadow imps
  2 white imps
  3 ufetubi (Sewer)
  2 ribbon worms
  3 dart slugs
  33 orcs
  4 ball pythons
  A bat zombie (Sewer)
  6 endoplasms
  8 giant cockroaches
  5 goblins
  3 hobgoblins
  3 jackals (D:4)
  A quokka (D:1)
  7 bats
  3 frilled lizards
  15 kobolds
  2 kobold zombies (Sewer)
  7 rats
169 creatures vanquished.

Vanquished Creatures (others)
  17 foxfires (Bailey)
17 creatures vanquished.

Grand Total: 186 creatures vanquished

Notes
Turn   | Place    | Note
-------+----------+-------------------------------------------
     0 | D:1      | SnakkuSnakku7 the Formicid Cinder Acolyte began the quest
                  | for the Orb.
     0 | D:1      | Reached XP level 1. HP: 18/18 MP: 2/2
   233 | D:1      | Reached XP level 2. HP: 24/24 MP: 3/3
   578 | D:1      | Found a faded altar of an unknown god.
   859 | D:2      | Reached XP level 3. HP: 25/29 MP: 4/4
   990 | D:2      | Reached XP level 4. HP: 31/35 MP: 5/5
  1002 | D:2      | Reached skill level 5 in Axes
  1231 | D:2      | Reached XP level 5. HP: 19/41 MP: 6/6
  1788 | D:3      | Reached skill level 1 in Polearms
  1788 | D:3      | Reached XP level 6. HP: 28/47 MP: 7/7
  1975 | D:3      | Reached skill level 2 in Polearms
  2061 | D:4      | Found a white marble altar of Elyvilon.
  2078 | D:4      | Found a staircase to the Ecumenical Temple.
  2104 | D:4      | Reached skill level 3 in Polearms
  2201 | D:4      | Found a glowing drain.
  2221 | Sewer    | Entered a sewer
  2334 | Sewer    | Found an ancient bone altar of Kikubaaqudgha.
  2340 | Sewer    | Reached XP level 7. HP: 52/52 MP: 8/8
  2344 | Sewer    | Reached skill level 4 in Polearms
  2580 | Sewer    | Reached skill level 5 in Polearms
  2600 | Sewer    | Noticed Grinder
  2618 | Sewer    | Killed Grinder
  2619 | Sewer    | Reached skill level 6 in Polearms
  2619 | Sewer    | Reached XP level 8. HP: 47/58 MP: 9/9
  2789 | D:4      | Reached skill level 7 in Polearms
  3064 | D:5      | Entered Level 5 of the Dungeon
  3064 | D:5      | Noticed Blork the orc
  3072 | D:5      | Killed Blork the orc
  3289 | D:5      | Found a basalt altar of Yredelemnul.
  3356 | D:5      | Reached skill level 8 in Polearms
  3838 | D:5      | Reached XP level 9. HP: 41/64 MP: 10/10
  3909 | D:5      | Reached skill level 9 in Polearms
  4312 | D:6      | Noticed Duvessa
  4312 | D:6      | Noticed Dowan
  4326 | D:5      | Killed Duvessa
  4361 | D:5      | Killed Dowan
  4373 | D:6      | Reached skill level 10 in Polearms
  5101 | D:6      | Found Muodawn's General Store.
  5436 | D:6      | Bought a potion of heal wounds for 65 gold pieces
  5452 | D:6      | Reached skill level 11 in Polearms
  5542 | D:6      | Noticed Menkaure
  5552 | D:6      | Killed Menkaure
  5629 | D:6      | Found a faded altar of an unknown god.
  5629 | D:6      | Found a snail-covered altar of Cheibriados.
  5637 | D:6      | Found an iron altar of Okawaru.
  5639 | D:6      | Found a faded altar of an unknown god.
  5640 | D:6      | Found a hide-covered altar of Uskayaw.
  5775 | D:7      | Found a flagged portal.
  5787 | Bailey   | Entered a bailey
  5848 | Bailey   | Noticed an orc knight
  5870 | Bailey   | Reached XP level 10. HP: 34/70 MP: 11/11
  5874 | Bailey   | HP: 2/70 [orc knight/+0 trident (14)]
  5889 | Bailey   | Slain by an orc knight

Illustrated notes

Levels and vault maps discovered:
D:1:      lightli_arrival_maybe_door_vault, layout_loops_corners,
          shapermc_ecumenical_altar_mp_ritualfount, minmay_misc_feat_room,
          dreamdust_wishing_well
D:2:      layout_rooms
D:3:      layout_rooms
D:4:      minmay_diamond_boxcup, layout_rooms,
          mainiacjoe_overflow_concentric_impassable,
          minmay_temple_entry_water_ring, portal_sewer_entry_c
D:5:      layout_basic, old_standard_altar, uniq_blork_the_orc, uniq_grinder
D:6:      layout_rooms, chequers_temple_overflow_minitemple, serial_shops,
          nicolae_shop_tiny_waterfront, grunt_ministairs_8, uniq_menkaure,
          uniq_duvessa
D:7:      layout_loops_ring, nicolae_ru_path_of_blood, enter_bailey_2,
          ebering_ghost_rock_garden
Bailey:   bailey_polearm_elven_captive_hellmonk, bailey

Skill      XL: |  1  2  3  4  5  6  7  8  9 |
---------------+----------------------------+-----
Axes           | 4 5 6 |  6.0
Polearms       | 1 3 6 8 11 | 11.8
Fighting       | |  3.2
Spellcasting   | |  1.1
Fire Magic     | |  3.0

Action                     |  1- 3 |  4- 6 |  7- 9 | 10-12 || total
---------------------------+-------+-------+-------+-------++-------
  Melee: Hand axe          |    67 |    77 |       |       ||   144
         Punch             |     1 |     1 |     1 |     1 ||     4
         War axe           |       |    14 |       |       ||    14
         Trident           |       |    98 |   306 |    13 ||   417
         Unarmed           |       |       |     2 |       ||     2
 Invoke: Fiery Armour      |     1 |     1 |     1 |       ||     3
         Foxfire Swarm     |       |       |     1 |     1 ||     2
Ability: Dig               |       |       |     1 |       ||     1
  Evoke: Wand              |       |       |     3 |       ||     3
    Use: Potion            |       |     2 |     2 |     2 ||     6
 Armour: Robe              |    29 |       |       |       ||    29
         Ring mail         |    12 |   143 |   227 |     9 ||   391
         Skin              |       |       |     2 |       ||     2
  Dodge: Dodged            |    45 |   144 |   158 |     3 ||   350
